 Dungeon Crawl Stone Soup version 0.28-a0-1356-g2ad6d04315 (webtiles) character file.

Game seed: 17073022519188290554

128 fragbeetle the Chopper (level 4, -10/58 HPs)
             Began as a Palentonga Berserker on Dec 31, 2021.
             Was a Believer of Trog.
             Mangled by a gnoll sergeant (11 damage)
             ... on level 3 of the Dungeon.
             The game lasted 00:05:49 (2993 turns).

fragbeetle the Chopper (Palentonga Berserker)       Turns: 2993, Time: 00:05:50

Health: -10/58     AC:  5    Str: 22    XL:     4   Next: 86%
Magic:  4/4        EV: 10    Int:  8    God:    Trog [**....]
Gold:   150        SH:  0    Dex:  9    Spells: 3/3 levels left

rFire   . . .      SeeInvis +   a - +0 hand axe
rCold   . . .      Faith    .   j - orb {*Rage}
rNeg    . . .      Spirit   .   b - +0 animal skin
rPois   .          Reflect  .   f - +0 helmet
rElec   .          Harm     .   (no cloak)
rCorr   .          Rampage  .   (no gloves)
Will    .....      Rage     20% (no barding)
Stlth   ..........              (no amulet)
HPRegen 0.19/turn               (no ring)
MPRegen 0.09/turn               (no ring)

@: berserking, very quick
A: large, rugged brown scales 3, see invisible, deformed body, roll 1, armoured
tail
a: Rolling Charge, Renounce Religion, Berserk, Trog's Hand


You were on level 3 of the Dungeon.
You worshipped Trog.
Trog was pleased with you.
You visited 1 branch of the dungeon, and saw 3 of its levels.

You collected 150 gold pieces.

Inventory:

Hand Weapons
 a - a +0 hand axe (weapon)
Missiles
 d - 19 sling bullets
 e - 44 stones
 l - 20 poisoned darts
Armour
 b - a +0 animal skin (worn)
 f - a +0 helmet (worn)
 j - an orb of wrath (worn)
Wands
 p - a wand of flame (9)
Scrolls
 c - a scroll of amnesia {unknown}
 g - 4 scrolls of identify {unknown}
 i - a scroll of vulnerability {unknown}
 k - a scroll of blinking {unknown}
 m - a scroll of teleportation {unknown}
 q - a scroll of holy word {unknown}
Potions
 h - a potion of heal wounds {unknown}
 n - a potion of experience {unknown}
 o - a potion of degeneration {unknown}
 r - a potion of mutation {unknown}


   Skills:
 + Level 3.8 Fighting
 + Level 3.8 Axes
 + Level 2.4 Armour
 + Level 2.4 Dodging


You had 3 spell levels left.
You didn't know any spells.
Your spell library was empty.

Dungeon Overview and Level Annotations

Branches:
Dungeon (3/15)

Altars:
Ru
Vehumet


Innate Abilities, Weirdness & Mutations

You are completely covered in rugged brown scales. (AC +3, +7% HP)
You have supernaturally acute eyesight. (SInv)
Armour fits poorly on your strangely shaped body.
You can roll at nearby foes to attack.
You have a long armoured tail.


Message History

The gnoll sergeant closely misses you. The gnoll sergeant closely misses you.
The gnoll shouts!
A red film seems to cover your vision as you go berserk!
You feel yourself moving faster!
You feel mighty! The gnoll hits you but does no damage.
The gnoll sergeant hits you from afar with a +0 spear.
Okay, then.
You barely miss the gnoll.
Your tail-slap misses the gnoll.
The gnoll barely misses you.
The gnoll sergeant hits you with a +0 spear!
You slash the gnoll sergeant!
The gnoll sergeant is moderately wounded.
You barely miss the gnoll. The gnoll barely misses you.
The gnoll closely misses you.
The gnoll sergeant hits you with a +0 spear.
You closely miss the gnoll sergeant.
The gnoll sergeant is moderately wounded.
You barely miss the gnoll. The gnoll hits you but does no damage.
The gnoll hits you from afar with a +0 halberd!
You hit the gnoll sergeant.
The gnoll sergeant is moderately wounded.
You slash the gnoll!
The gnoll sergeant hits you with a +0 spear.
The gnoll barely misses you.
You closely miss the gnoll sergeant.
The gnoll sergeant is moderately wounded.
You barely miss the gnoll.
The gnoll hits you from afar with a +0 halberd!
The gnoll sergeant hits you with a +0 spear!
* * * LOW HITPOINT WARNING * * *
You barely miss the gnoll. You tail-slap the gnoll.
You feel the power of Trog in you as your rage grows.
You kill the gnoll!
Trog accepts your kill.
You barely miss the gnoll sergeant.
The gnoll hits you from afar with a +0 halberd!
* * * LOW HITPOINT WARNING * * *
The gnoll sergeant hits you with a +0 spear!
You die...

............#..........#####.####
..........<............#........#
....##.................#........#
....##..........................#
........##.#..............##.####
........##.................#.#
........###....gg..........#.##
..##....##...###g#............#
####....##...###@#........#####
...#....##....##.)........#
...#....##....##..........#
...#....##.....#..........###
.............#........รท.....#####
........^........................
.......).....#...................
......................#..........
..#..........##.......#..........


You could see a gnoll sergeant and 2 gnolls.

Vanquished Creatures
  2 orc priests (D:3)
  An adder (D:2)
  A gnoll (D:3)
  A worm (D:2)
  An orc (D:3)
  2 bats
  7 endoplasms
  4 giant cockroaches
  8 goblins
  6 hobgoblins
  2 jackals (D:1)
  4 quokkas
  6 ball pythons
  A frilled lizard (D:3)
  2 kobolds
  4 rats
52 creatures vanquished.

Notes
Turn   | Place    | Note
-------+----------+-------------------------------------------
     0 | D:1      | fragbeetle the Palentonga Berserker began the quest for the
                  | Orb.
     0 | D:1      | Reached XP level 1. HP: 19/19 MP: 1/1
    24 | D:1      | Found a faded altar of an unknown god.
   544 | D:1      | Reached XP level 2. HP: 23/25 MP: 2/2
  1559 | D:2      | Reached XP level 3. HP: 31/31 MP: 3/3
  1908 | D:2      | Found a radiant altar of Vehumet.
  1919 | D:2      | Reached ** piety under Trog
  2412 | D:3      | Noticed a gnoll sergeant
  2493 | D:3      | Reached XP level 4. HP: 36/37 MP: 4/4
  2600 | D:3      | Found a sacrificial altar of Ru.
  2993 | D:3      | HP: 1/58 [gnoll (9)]
  2993 | D:3      | Mangled by a gnoll sergeant

Illustrated notes

Levels and vault maps discovered:
D:1:      eino_arrival_tree_alley, layout_loops_corners,
          hellmonk_ecumenical_altar_inner_sanctum, nrook_mini_vaults,
          hangedman_decor_points, grunt_decor_one_mirror
D:2:      layout_loops_corners, basic_altar
D:3:      layout_basic, nicolae_ru_path_of_blood

Skill      XL: |  1  2  3 |
---------------+----------+-----
Armour         | 2 |  2.4
Dodging        | 2 |  2.4
Fighting       | |  3.8
Axes           | |  3.8

Action                   |  1- 3 |  4- 6 || total
-------------------------+-------+-------++-------
Melee: Hand axe          |    94 |    48 ||   142
       Tailslap          |     5 |     6 ||    11
Invok: Berserk           |     1 |     1 ||     2
 Abil: Rolling Charge    |     1 |       ||     1
 Stab: Sleeping          |     1 |       ||     1
Armor: Animal skin       |    29 |    19 ||    48
Dodge: Dodged            |    46 |    37 ||    83

Table legend: (Time is in decaauts)
 A = Elapsed time spent in this place.
 B = Non-inter-level travel time spent in this place.
 C = Inter-level travel time spent in this place.
 D = Time resting spent in this place.
 E = Time spent auto-exploring this place.
 F = Levels seen in this place.
 G = Mean time per level.
                   A        B        C        D        E       F      G
               +--------+--------+--------+--------+--------+-----+--------+
         Total |   3139 |   2974 |    165 |    252 |   1899 |   3 | 1046.3 |
       Dungeon |   3139 |   2974 |    165 |    252 |   1899 |   3 | 1046.3 |
               +--------+--------+--------+--------+--------+-----+--------+

Top non-repeatable levels by time:
     D:1: 1423 daAuts
     D:2: 1127 daAuts
     D:3: 589 daAuts
